 Dungeon Crawl Stone Soup version 0.22.1-2-g9c5b331 (webtiles) character file.

30 Yuikono the Caller (level 3, -1/19 HPs)
             Began as a Tengu Summoner on Dec 18, 2018.
             Slain by a hound (6 damage)
             ... on level 2 of the Dungeon.
             The game lasted 00:05:20 (1671 turns).

Yuikono the Caller (Tengu Summoner)                 Turns: 1671, Time: 00:05:22

Health: -1/19      AC:  2    Str:  8    XL:     3   Next: 18%
Magic:  7/8        EV: 12    Int: 16    God:
Gold:   131        SH:  0    Dex: 14    Spells: 4/7 levels left

rFire    . . .     SeeInvis .   n - +3 dagger
rCold    . . .     Gourm    .   (no shield)
rNeg     . . .     Faith    .   a - +0 robe
rPois    .         Spirit   .   (helmet restricted)
rElec    .         Reflect  .   (no cloak)
rCorr    .         Harm     .   (no gloves)
MR       .....                  (boots unavailable)
Stlth    +++.......             (no amulet)
HPRegen  0.06/turn              g - ring of flight
MPRegen  0.11/turn              p - ring of stealth

@: no status effects
A: beak, talons 3
a: Evoke Flight


You were on level 2 of the Dungeon.
You were hungry.

You visited 1 branch of the dungeon, and saw 2 of its levels.

You collected 131 gold pieces.

Inventory:

Hand Weapons
 j - a cursed +0 hunting sling
 n - a +3 dagger (weapon)
Missiles
 e - 20 stones (quivered)
 i - 37 arrows
Armour
 a - a +0 robe (worn)
Jewellery
 g - a ring of flight (left hand)
 p - a ring of stealth (right hand)
Scrolls
 b - 3 scrolls of identify {unknown}
 f - 3 scrolls of remove curse {unknown}
 o - a scroll of immolation {unknown}
Potions
 d - a potion of curing {unknown}
 h - 2 potions of heal wounds {unknown}
 k - 2 potions of degeneration {unknown}
 l - a potion of haste {unknown}
 m - a potion of might {unknown}
Comestibles
 c - 2 rations


   Skills:
 - Level 2.2 Dodging
 - Level 2.0 Stealth
 + Level 2.7 Spellcasting
 + Level 5.5 Summonings


You had 4 spell levels left.
You knew the following spells:

 Your Spells              Type           Power        Failure   Level  Hunger
a - Summon Small Mammal   Summ           ###.         1%          1    #......
b - Call Imp              Summ           ###.....     3%          2    ##.....

Your spell library contained the following spells:

 Spells                   Type           Power        Failure   Level  Hunger
 Call Canine Familiar     Summ           ###.....     6%          3    ###....
 Summon Guardian Golem    Hex/Summ       ##......     19%         3    ###....
 Summon Ice Beast         Ice/Summ       ##......     52%         4    #####..
 Summon Lightning Spire   Summ/Air       ##......     52%         4    #####..


Dungeon Overview and Level Annotations

Branches:
Dungeon (2/15)

Altars:

Annotations:
D:2 Sigmund


Innate Abilities, Weirdness & Mutations

You have a beak for a mouth.
You have claws for feet.


Message History

The hound bites you. The hound bites you but does no damage.
Your crimson imp barely misses the hound.
You hit the hound.
The hound is moderately wounded.
The hound closely misses you.
Your crimson imp blinks!
You closely miss the hound. Your peck misses the hound.
The hound is moderately wounded.
The hound bites you but does no damage. The hound bites you.
Casting: Call Imp (safe; 3% risk of failure)
Confirm with . or Enter, or press ? or * to list all spells.
The hound bites you.
You closely miss the hound. You claw the hound, but do no damage.
Your peck misses the hound.
The hound is moderately wounded.
The hound stops to sniff the ground.
The hound bites you.
* * * LOW HITPOINT WARNING * * *
The hound bites you.
You die...

### ##.## ##...##
.....# #...# #.hr#
###.@.###
###########..5....#
.
#.................#
.
#.#####.###.......#
.
.........####...#.#
# #######.##
#...#.# #.# ##.## #
#.# #.# #.# S.


You could see a hound, a friendly crimson imp and a friendly quokka.

Vanquished Creatures
  A dart slug (D:2)
  9 bats
  A giant cockroach (D:2)
  4 hobgoblins
  2 frilled lizards (D:2)
  A goblin (D:2)
  A kobold (D:1)
  5 rats
24 creatures vanquished.

Vanquished Creatures (collateral kills)
  A giant cockroach (D:1)
  3 goblins
  2 hobgoblins (D:1)
6 creatures vanquished.

Grand Total: 30 creatures vanquished

Notes
Turn   | Place    | Note
-------+----------+-------------------------------------------
     0 | D:1      | Yuikono the Tengu Summoner began the quest for the Orb.
     0 | D:1      | Reached XP level 1. HP: 10/10 MP: 4/4
   150 | D:1      | Reached skill level 5 in Summonings
   242 | D:1      | Reached XP level 2. HP: 1/15 MP: 1/6
   508 | D:1      | Learned a level 2 spell: Call Imp
  1516 | D:2      | Reached XP level 3. HP: 19/19 MP: 7/7
  1540 | D:2      | Noticed Sigmund
  1671 | D:2      | Slain by a hound

Skill      XL: |  1 |
---------------+----+-----
Summonings     | 5 |  5.5
Dodging        | |  2.2
Stealth        | |  2.0
Spellcasting   | |  2.7

Action                   || total
-------------------------++-------
Melee: Unarmed           ||    12
       Dagger            ||    55
       Kick              ||    14
       Peck              ||     5
 Cast: Summon Small Mamm ||    12
       Call Imp          ||     4
 Stab: Sleeping          ||     8
  Eat: Chunk             ||     2
Armor: Robe              ||    23
Dodge: Dodged            ||    46
